 Dungeon Crawl Stone Soup version 0.25-a0-591-g2ad0d861f1 (webtiles) character file.

Game seed: 18083456433618863451, levelgen mode: deterministic

106 ReteAZ the Grave Robber (level 4, -9/32 HPs)
             Began as a Mummy Necromancer on Mar 14, 2020.
             Killed from afar by an orc wizard (10 damage)
             ... with a magic dart
             ... on level 3 of the Dungeon.
             The game lasted 00:07:03 (2281 turns).

ReteAZ the Grave Robber (Mummy Necromancer)         Turns: 2281, Time: 00:07:04

Health: -9/32      AC:  2    Str: 11    XL:     4   Next: 55%
Magic:  0/9        EV: 12    Int: 15    God:
Gold:   97         SH:  0    Dex: 12    Spells: 8/10 levels left

rFire    x . .     SeeInvis .   d - -3 war axe (curse)
rCold    + . .     Gourm    .   (no shield)
rNeg     + + +     Faith    .   a - +0 robe
rPois    ∞         Spirit   .   (no helmet)
rElec    .         Reflect  .   (no cloak)
rCorr    .         Harm     .   (no gloves)
MR       .....                  (no boots)
Stlth    ++........             (no amulet)
HPRegen  0.10/turn              (no ring)
MPRegen  0.11/turn              (no ring)

@: no status effects
A: no food or potions, fire vulnerability, cold resistance 1, negative energy
resistance 3, torment resistance, unbreathing
a: no special abilities


You were on level 3 of the Dungeon.
You were not hungry.

You visited 1 branch of the dungeon, and saw 3 of its levels.

You collected 97 gold pieces.

Inventory:

Hand Weapons
 d - a cursed -3 war axe (weapon)
Missiles
 f - 9 poisoned darts (quivered)
Armour
 a - a +0 robe (worn)
Scrolls
 b - 5 scrolls of blinking {unknown}
 c - 2 scrolls of amnesia {unknown}
 e - a scroll of magic mapping {unknown}
 g - a scroll of fog {unknown}


   Skills:
 + Level 1.0 Fighting
 - Level 1.5 Dodging
 - Level 1.5 Stealth
 + Level 3.9 Spellcasting
 * Level 5.3 Necromancy


You had 8 spell levels left.
You knew the following spells:

 Your Spells              Type           Power        Failure   Level  Hunger
a - Pain                  Necr           ###.         1%          1    N/A
b - Animate Skeleton      Necr           N/A          1%          1    N/A

Your spell library contained the following spells:

 Spells                   Type           Power        Failure   Level  Hunger
 Vampiric Draining        Necr           ###.......   6%          3    N/A
 Animate Dead             Necr           N/A          21%         4    N/A
 Agony                    Necr           ###.....     50%         5    N/A

Dungeon Overview and Level Annotations

Branches:
Dungeon (3/15)

Altars:


Innate Abilities, Weirdness & Mutations

You do not eat or drink.
Your flesh is vulnerable to fire.
You are immune to poison.
Your flesh is cold resistant. (rC+)
You are immune to negative energy. (rN+++)
You are immune to unholy pain and torment.
You can survive without breathing.


Message History

Casting: Pain (safe; 1% risk of failure)
Confirm with . or Enter, or press ? or * to list all spells.
Aiming: Pain (safe; 1% risk of failure)
Press: ? - help, Shift-Dir - straight line, f - orc wizard
Aim: an orc wizard, wielding a +0 dagger and wearing a +0 robe (chance to defeat MR: 78%)
The orc wizard barely resists.
The orc wizard hits you with a +0 dagger.
* * * LOW HITPOINT WARNING * * *
You hit the orc wizard but do no damage.
The orc wizard misses you.
The orc wizard hits you but does no damage.
You closely miss the orc wizard. The orc wizard closely misses you.
The orc wizard casts a spell.
The orc wizard blinks!
You can't drink.
You slash the orc wizard!
The orc wizard is heavily wounded.
The orc wizard gestures at you while chanting.
The magic dart hits you!
You die...

#.# #.# #.#
##.## #.#
##%..## #%#
#...%.# #.#
#.....# #.#
#!....#
.(######## #.#
##....#
#......o.# #.#
####Z#
..######@###.#
#.#
#.######...##.#
##.##
#...o.§)o#....#
###...#
########>..####
#.....# ##.##
#.#...# #.#
#.#####
#.#####.#####
#Z#
#.........Z.#
#.#
#######.#.#.#
#.#


You could see 2 orc wizards.

Vanquished Creatures
  4 adders
  An ooze (D:3)
  A worm (D:3)
  A dart slug (D:1)
  2 leopard geckos (D:2)
  2 orcs (D:3)
  5 bats
  2 giant cockroaches (D:3)
  2 hobgoblins
  2 jackals (D:1)
  A quokka (D:3)
  A ball python (D:1)
  A frilled lizard (D:1)
  6 goblins
  4 kobolds
  6 rats
41 creatures vanquished.

Vanquished Creatures (collateral kills)
  An adder (D:3)
  A dart slug (D:1)
  A leopard gecko (D:3)
  2 giant cockroaches (D:1)
  A hobgoblin (D:1)
  A quokka (D:2)
  3 bats
  A frilled lizard (D:1)
  A kobold (D:1)
  A rat (D:1)
13 creatures vanquished.

Grand Total: 54 creatures vanquished

Notes
Turn   | Place    | Note
-------+----------+-------------------------------------------
     0 | D:1      | ReteAZ the Mummy Necromancer began the quest for the Orb.
     0 | D:1      | Reached XP level 1. HP: 13/13 MP: 4/4
    33 | D:1      | Learned a level 1 spell: Animate Skeleton
   184 | D:1      | Reached XP level 2. HP: 16/19 MP: 6/6
  1131 | D:2      | Noticed an ogre
  1258 | D:2      | Reached XP level 3. HP: 22/24 MP: 5/7
  1351 | D:2      | Reached skill level 5 in Necromancy
  1762 | D:2      | Reached XP level 4. HP: 22/31 MP: 6/9
  2264 | D:3      | Reached skill level 1 in Fighting
  2278 | D:3      | HP: 1/32 [orc wizard/+0 dagger (3)]
  2281 | D:3      | Killed from afar by an orc wizard

Levels and vault maps discovered:
D:1:      scummos_arrival_forest, layout_loops_corners, minmay_strange_pillars
D:2:      layout_loops_ring, lemuel_coloured_pillars_altar
D:3:      layout_loops_ring, chequers_serial_rivers_room_a, uniq_grinder

Skill      XL: |  1  2  3  4 |
---------------+-------------+-----
Spellcasting   | 3 |  3.9
Necromancy     | 5 |  5.3
Fighting       | 1 |  1.0
Dodging        | |  1.5
Stealth        | |  1.5

Action                   |  1- 3 |  4- 6 || total
-------------------------+-------+-------++-------
Melee: Unarmed           |    78 |       ||    78
       War axe           |       |    18 ||    18
 Cast: Pain              |    38 |    33 ||    71
       Animate Skeleton  |    10 |     5 ||    15
 Stab: Sleeping          |     5 |       ||     5
Armor: Robe              |    26 |     1 ||    27
Dodge: Dodged            |    76 |    19 ||    95

Table legend:
 A = Non-vault XP
 B = Vault XP
 C = Vault XP percentage of total XP
 D = Non-vault monster count
 E = Vault monster count
 F = Vault count percentage of total count
                 A         B        C        D         E       F
            +---------+---------+-------+---------+---------+-------
      Total |     152 |       0 |   0.0 |      54 |       0 |   0.0
            +---------+---------+-------+---------+---------+-------
        D:1 |      38 |       0 |   0.0 |      24 |       0 |   0.0
        D:2 |      60 |       0 |   0.0 |      17 |       0 |   0.0
        D:3 |      54 |       0 |   0.0 |      13 |       0 |   0.0
            +---------+---------+-------+---------+---------+-------
